 Dungeon Crawl Stone Soup version 0.30-a0-475-g03497ec522 (webtiles) character file.

Game seed: 14676964921822408580

100 cforsyth the Chiller (level 4, -2/30 HPs)
             Began as a Merfolk Ice Elementalist on Dec 20, 2022.
             Slain by a gnoll
             ... wielding a +0 flail
              (7 damage)
             ... on level 2 of the Dungeon.
             The game lasted 00:07:01 (2733 turns).

cforsyth the Chiller (Merfolk Ice Elementalist)     Turns: 2733, Time: 00:07:02

Health: -2/30      AC:  3    Str: 11    XL:     4   Next: 73%
Magic:  7/8        EV: 13    Int: 16    God:
Gold:   61         SH:  0    Dex: 14    Spells: 5/9 levels left

rFire   . . .      SeeInvis .    (no weapon)
rCold   . . .      Faith    .    (no shield)
rNeg    . . .      Spirit   .    a - +0 robe
rPois   .          Reflect  .    (no helmet)
rElec   .          Harm     .    (no cloak)
rCorr   .          Rampage  .    n - +0 pair of gloves {Str+3}
Will    .....                    (no boots)
Stlth   ++........               (no amulet)
HPRegen 0.25/turn                (no ring)
MPRegen 0.11/turn                (no ring)

@: on berserk cooldown, slowed, very slow
A: (nimble swimmer 2), mertail
a: no special abilities


You were on level 2 of the Dungeon.
You visited 1 branch of the dungeon, and saw 3 of its levels.

You collected 61 gold pieces.

Inventory:

Armour
 a - a +0 robe (worn)
 n - a +0 pair of gloves of strength (worn)
Scrolls
 e - 2 scrolls of blinking
 g - a scroll of fog {unknown}
 h - a scroll of amnesia {unknown}
 i - a scroll of identify {unknown}
 k - a scroll of enchant armour {unknown}
 l - a scroll of magic mapping {unknown}
 q - a scroll of butterflies {unknown}
 r - a scroll of teleportation {unknown}
Potions
 c - a potion of lignification {unknown}
 d - a potion of berserk rage
 f - a potion of flight {unknown}
 j - a potion of cancellation {unknown}
 m - a potion of degeneration {unknown}
 o - a potion of attraction {unknown}
 p - a potion of heal wounds {unknown}


   Skills:
 + Level 4.1 Dodging
 - Level 2.1 Stealth
 + Level 3.0 Spellcasting
 + Level 1.1 Summonings
 - Level 5.0 Ice Magic


You had 5 spell levels left.
You knew the following spells:

 Your Spells              Type           Power      Damage    Failure   Level
a - Freeze                Ice            72%        1d8       2%          1
b - Frozen Ramparts       Ice            36%        1d6       7%          3

Your spell library contained the following spells:

 Spells                   Type           Power      Damage    Failure   Level
 Ozocubu's Armour         Ice            18%        N/A       7%          3
 Summon Small Mammal      Summ           24%        N/A       12%         1
 Call Canine Familiar     Summ           6%         N/A       34%         3
 Summon Guardian Golem    Hex/Summ       4%         N/A       41%         3
 Summon Ice Beast         Ice/Summ       12%        N/A       45%         4
 Cause Fear               Hex            1%         N/A       88%         4
 Dragon Form              Tmut           1%         N/A       100%        7
 Dragon's Call            Summ           3%         N/A       100%        9


Dungeon Overview and Level Annotations

Branches:
Dungeon (3/15)

Altars:
Xom

Shops:
D:2 *


Innate Abilities, Weirdness & Mutations

((You are very nimble when in or above water. (Stealth+, EV+, Speed+++)))
Your lower body shifts to a powerful aquatic tail in water.


Message History

You barely miss the gnoll.
The gnoll is heavily wounded.
The gnoll hits you but does no damage.
You punch the gnoll!
You kill the gnoll!
Your Spellcasting skill increases to level 3!
Things that are here:
a +0 whip; a +0 buckler; a gnoll corpse You feel a strong urge to attack something.
You feel your anger nearly subside.
You are no longer berserk.
You are exhausted.
You feel yourself slow down. The gnoll attacks as you move away!
The gnoll misses you. The gnoll barely misses you.
There is a stone staircase leading up here.
The gnoll closely misses you. The gnoll hits you with a +0 flail!
* * * LOW HITPOINT WARNING * * *
The frilled lizard hisses angrily.
You climb upwards.
There is a stone staircase leading down here.
Magic courses through your body. The gnoll misses you.
Unknown command.
Casting: Freeze (safe; 2% risk of failure)
Confirm with . or Enter, or press ? or * to list all spells.
Aiming: Freeze (safe; 2% risk of failure)
Press: ? - help, Shift-Dir - straight line, f - gnoll
Aim: a gnoll, wielding a +0 flail You freeze the gnoll.
The gnoll is moderately wounded.
The gnoll misses you. x2
Casting: Freeze (safe; 2% risk of failure)
Confirm with . or Enter, or press ? or * to list all spells.
Aiming: Freeze (safe; 2% risk of failure)
Press: ? - help, Shift-Dir - straight line, f/p - gnoll
Aim: a gnoll, wielding a +0 flail (moderately wounded)
You freeze the gnoll.
The gnoll is heavily wounded.
The gnoll hits you with a +0 flail!
You die...

###################
#......†...........
#.#################
#.#................
#.#................
#.#..##............
#.#..#.............
#g.................
#.@..#..#.#.#######
#....#....#.#
#...###.###.#
#...........#
##.##.#.###########
#.##.#.##.........
#.##.#.##.........
#.##.#.##.........
#.##.#.##.........


You could see a gnoll.

Vanquished Creatures
  An orc priest (D:3)
  A gnoll (D:3)
  2 worms (D:2)
  A dart slug (D:2)
  4 orcs
  4 endoplasms
  3 giant cockroaches
  3 goblins
  3 hobgoblins (D:1)
  6 jackals (D:1)
  A quokka (D:2)
  4 ball pythons
  3 bats
  3 frilled lizards
  4 kobolds
  3 rats (D:2)
46 creatures vanquished.

Notes
Turn   | Place    | Note
-------+----------+-------------------------------------------
     0 | D:1      | cforsyth the Merfolk Ice Elementalist began the quest for
                  | the Orb.
     0 | D:1      | Reached XP level 1. HP: 13/13 MP: 3/3
   295 | D:1      | Reached XP level 2. HP: 8/19 MP: 0/5
  1158 | D:1      | Reached XP level 3. HP: 23/24 MP: 2/6
  1459 | D:2      | Found a shimmering altar of Xom.
  1859 | D:2      | Found Xoufeagu's Assorted Antiques.
  1906 | D:2      | Learned a level 3 spell: Frozen Ramparts
  2693 | D:3      | Reached skill level 5 in Ice Magic
  2693 | D:3      | Reached XP level 4. HP: 13/30 MP: 2/8
  2697 | D:3      | Reached skill level 1 in Summonings
  2733 | D:2      | Slain by a gnoll

Illustrated notes

Levels and vault maps discovered:
D:1:      saegor_arrival_simple_d, layout_loops_ring
D:2:      layout_basic, serial_shops, nicolae_shop_behind_doors, basic_altar,
          kennysheep_potato
D:3:      layout_basic, nicolae_ashenzari_panopticon, kiku_gazebo_garden_becter,
          uniq_jessica

Skill      XL: |  1  2  3  4 |
---------------+-------------+-----
Dodging        | 3 4 |  4.1
Ice Magic      | 5 |  5.0
Summonings     | 1 |  1.1
Spellcasting   | 3 |  3.0
Stealth        | |  2.1

Action                   |  1- 3 |  4- 6 || total
-------------------------+-------+-------++-------
Melee: Unarmed           |    51 |     2 ||    53
 Cast: Freeze            |    71 |     6 ||    77
       Frozen Ramparts   |     1 |       ||     1
  Use: Scroll            |     1 |       ||     1
       Potion            |       |     2 ||     2
Armor: Robe              |    20 |     1 ||    21
Dodge: Dodged            |    79 |     8 ||    87

Table legend: (Time is in decaauts)
 A = Elapsed time spent in this place.
 B = Non-inter-level travel time spent in this place.
 C = Inter-level travel time spent in this place.
 D = Time resting spent in this place.
 E = Time spent auto-exploring this place.
 F = Levels seen in this place.
 G = Mean time per level.
                   A        B        C        D        E       F      G
               +--------+--------+--------+--------+--------+-----+--------+
         Total |   2736 |   2706 |     30 |    506 |   1711 |   3 |  912.0 |
       Dungeon |   2736 |   2706 |     30 |    506 |   1711 |   3 |  912.0 |
               +--------+--------+--------+--------+--------+-----+--------+

Top non-repeatable levels by time:
     D:2: 1338 daAuts
     D:1: 1285 daAuts
     D:3: 112 daAuts
